Hurricanes vs Flames

Created - 1 décembre 2017 at 19:10

Goals
1 2 3 T
Hurricanes 2 2 0 4
Flames 0 2 0 2
Shots
1 2 3 T
Hurricanes 15 8 10 33
Flames 8 9 5 22

1st period

1. Hurricanes , Leo Komarov 8 (Dustin Byfuglien 15) at 9:59
2. Hurricanes , Michael Frolik 12 (Dustin Byfuglien 16, Keith Yandle 12) at 15:36

Penalties :
John Carlson (CGY) for Roughing (Minor) at 7:03

2nd period

3. Flames , Antoine Vermette 3 (Jaromir Jagr 11, Justin Faulk 12) at 0:34
4. Hurricanes , Bryan Little 12 (Marcus Foligno 2, Brian Strait 1) at 6:24
5. Flames , Viktor Arvidsson 13 (Brandon Sutter 11, Kyle Palmieri 19) at 10:04
6. Hurricanes , Carl Hagelin 2 (Derek Ryan 7, Brad Richardson 5) at 11:16

Penalties :
No Penalty

3rd period

No Goal

Penalties :
Justin Faulk (CGY) for Hooking (Minor) at 0:40, Justin Faulk (CGY) for Delaying the game (Minor) at 9:16

Goalie Stats

Frederik Andersen (CAR), 20 saves from 22 shots - (0.909), W, 17-7-3, 60:00 minutes
Mike Smith (CGY), 14 saves from 18 shots - (0.778), L, 6-6-2, 31:16 minutes
Andrei Vasilevskiy (CGY), 15 saves from 15 shots - (1.000), 28:44 minutes

Players Stats for Hurricanes

Player Name              G  A  P  +/- PIM S  H  SB GA TA FO     MP     PP MP  PK MP  
------------------------------------------------------------------------------------
Alex Chiasson            0  0  0   1  0   2  1  0  0  0  0/0    10:11   0:00   0:00 
Brad Richardson          0  1  1   1  0   4  2  0  0  0  0/0    15:55   0:00   0:00 
Brett Pesce              0  0  0   0  0   0  2  1  0  0  0/0    19:55   2:45   0:00 
Brian Dumoulin           0  0  0   0  0   0  1  2  0  0  0/0    18:00   1:09   0:00 
Brian Strait             0  1  1   2  0   0  0  3  0  0  0/0    14:38   0:00   0:00 
Bryan Little             1  0  1   1  0   5  1  0  0  0  15/37  24:03   2:39   0:00 
Carl Hagelin             1  0  1   1  0   1  0  0  0  0  1/1     8:24   0:00   0:00 
Derek Ryan               0  1  1   1  0   1  0  0  0  0  8/22   17:51   1:56   0:00 
Dustin Byfuglien         0  2  2   0  0   2  3  1  0  0  0/0    25:38   3:25   0:00 
Keith Yandle             0  1  1   0  0   0  0  1  0  0  0/0    24:22   2:40   0:00 
Lee Stempniak            0  0  0   0  0   6  1  0  0  0  2/2    19:22   3:11   0:00 
Leo Komarov              1  0  1   0  0   2  2  0  0  0  12/22  17:33   1:22   0:00 
Marcus Foligno           0  1  1   1  0   0  0  0  0  0  0/0     5:13   0:00   0:00 
Michael Frolik           1  0  1   0  0   3  1  0  0  0  0/0    20:14   2:46   0:00 
Nick Foligno             0  0  0   0  0   2  4  0  0  0  1/2    20:58   2:46   0:00 
Patrick Wiercioch        0  0  0   2  0   0  0  1  0  0  0/0    16:33   1:55   0:00 
Tom Pyatt                0  0  0   0  0   0  0  0  0  0  0/0     0:54   0:00   0:00 
Zach Parise              0  0  0   0  0   5  0  0  0  0  1/1    20:16   3:11   0:00 

Players Stats for Flames

Player Name              G  A  P  +/- PIM S  H  SB GA TA FO     MP     PP MP  PK MP  
------------------------------------------------------------------------------------
Alec Martinez            0  0  0  -1  0   2  0  1  0  0  0/0    21:46   0:00   2:26 
Alexander Radulov        0  0  0   0  0   1  0  0  0  0  0/0     3:49   0:00   0:49 
Andrej Nestrasil         0  0  0   0  0   0  0  0  0  0  10/20  16:51   0:00   0:00 
Antoine Vermette         1  0  1  -1  0   2  0  1  0  0  24/33  22:25   0:00   3:28 
Brady Skjei              0  0  0   0  0   0  0  1  0  0  0/0    15:44   0:00   0:46 
Brandon Sutter           0  1  1  -1  0   3  0  0  0  0  12/24  19:13   0:00   1:40 
Cameron Gaunce           0  0  0   0  0   0  1  0  0  0  0/0    17:19   0:00   2:21 
Gabriel Bourque          0  0  0   0  0   1  0  0  0  0  0/0     3:34   0:00   0:34 
James van Riemsdyk       0  0  0  -1  0   1  0  0  0  0  1/3    18:19   0:00   1:40 
Jared Spurgeon           0  0  0  -1  0   1  1  3  0  0  0/0    21:32   0:00   2:30 
Jarome Iginla            0  0  0   0  0   0  0  0  0  0  0/2     0:42   0:00   0:00 
Jaromir Jagr             0  1  1  -1  0   1  2  0  0  0  0/1    20:22   0:00   3:43 
John Carlson             0  0  0  -1  2   0  2  3  0  0  0/0    22:23   0:00   2:42 
Jordan Martinook         0  0  0   0  0   2  0  1  0  0  0/0    16:51   0:00   0:00 
Justin Faulk             0  1  1  -1  4   1  3  0  0  0  0/0    21:10   0:00   1:09 
Kyle Palmieri            0  1  1  -1  0   2  3  0  0  0  0/1    17:33   0:00   0:00 
Shane Doan               0  0  0   0  0   1  1  0  0  0  0/1    16:54   0:00   0:00 
Viktor Arvidsson         1  0  1  -1  0   4  0  0  0  0  0/2    17:33   0:00   0:00 

3 Stars

1 - Dustin Byfuglien (CAR)
2 - Bryan Little (CAR)
3 - Leo Komarov (CAR)

Power Play

Hurricanes - 0 on 3 Attempt(s) - 0.00%
Flames - 0 on 0 Attempt(s) - 0.00%

Penalty Kill

Hurricanes - 0 on 0 Attempt(s) - 0.00% - Score 0 goal in Penalty Kill
Flames - 3 on 3 Attempt(s) - 100.00% - Score 0 goal in Penalty Kill

Team Stat

Hurricanes - Hits : 18 - Faceoff Wins : 40 - Blocked Shots : 9 - Penalty Minutes : 0
Flames - Hits : 13 - Faceoff Wins : 47 - Blocked Shots : 10 - Penalty Minutes : 6

Official

Referees : Rob Martell and Mark Lemelin
Linesman : Shandor Alphonso and Brian Mach

Game Notes

Andrei Vasilevskiy enters game at 11:16 of 2nd period
Carl Hagelin is injured at 14:26 of 2nd period (Strained Right Elbow)
Brian Dumoulin is injured at 18:14 of 3rd period (Left Knee)

Finance

Level 1 -- Attendance: 6500 (100.00%) -- Ticket Income 715 000 $
Level 2 -- Attendance: 5000 (100.00%) -- Ticket Income 290 000 $
Level 3 -- Attendance: 3500 (100.00%) -- Ticket Income 171 500 $
Level 4 -- Attendance: 2914 (88.60%) -- Ticket Income 84 506 $
Luxury Box -- Attendance: 1000 (100.00%) -- Ticket Income 150 000 $
Game was played at the Scotiabank Saddledome.
Total Attendance: 18914 (98.06%)
Total Ticket Income: 1 411 006 $
Other Income: 211 651 $
Total Income: 1 622 657 $

% Time on Ice - Hurricanes

Lines # - Real PCT - Wanted PCT - Time Play
Normal Forward
1 - 32% - 40% - 17:28
2 - 30% - 30% - 16:11
3 - 30% - 20% - 16:16
4 - 8% - 10% - 4:08
Normal Defense
1 - 34% - 36% - 18:28
2 - 32% - 32% - 17:31
3 - 27% - 22% - 14:38
4 - 6% - 10% - 3:26
PP Forward
1 - 54% - 56% - 3:11
2 - 46% - 44% - 2:46
PP Defense
1 - 54% - 57% - 3:12
2 - 46% - 43% - 2:45
PK Forward
1 - 0% - 56%
2 - 0% - 44%
PK Defense
1 - 0% - 56%
2 - 0% - 44%
PK3 Forward
1 - 0% - 55%
2 - 0% - 45%
PK3 Defense
1 - 0% - 52%
2 - 0% - 48%
44 Forward
1 - 0% - 52%
2 - 0% - 48%
44 Defense
1 - 0% - 53%
2 - 0% - 47%
Last Minute Offensive  - 0:00
Last Minute Defensive  - 0:00
Total
Forward - 60:00
Defense - 60:00

% Time on Ice - Flames

Lines # - Real PCT - Wanted PCT - Time Play
Normal Forward
1 - 31% - 40% - 16:39
2 - 32% - 30% - 17:33
3 - 31% - 20% - 16:51
4 - 6% - 10% - 3:00
Normal Defense
1 - 34% - 40% - 18:32
2 - 35% - 30% - 19:02
3 - 28% - 20% - 14:58
4 - 3% - 10% - 1:31
PP Forward
1 - 0% - 60%
2 - 0% - 40%
PP Defense
1 - 0% - 60%
2 - 0% - 40%
PK Forward
1 - 72% - 60% - 4:17
2 - 28% - 40% - 1:40
PK Defense
1 - 72% - 60% - 4:18
2 - 28% - 40% - 1:39
PK3 Forward
1 - 0% - 60%
2 - 0% - 40%
PK3 Defense
1 - 0% - 60%
2 - 0% - 40%
44 Forward
1 - 0% - 60%
2 - 0% - 40%
44 Defense
1 - 0% - 60%
2 - 0% - 40%
Last Minute Offensive  - 0:00
Last Minute Defensive  - 0:00
Total
Forward - 60:00
Defense - 60:00

Play by Play

1st period


0:01 of 1st period - Antoine Vermette wins face-off versus Bryan Little in neutral zone.
0:01 of 1st period - James van Riemsdyk is hit by Nick Foligno.
0:29 of 1st period - Shot by Antoine Vermette.
0:29 of 1st period - Shot Blocked by Keith Yandle.
0:31 of 1st period - Shot by Antoine Vermette.
0:31 of 1st period - Stopped by Frederik Andersen without a rebound.
0:32 of 1st period - Leo Komarov wins face-off versus Brandon Sutter in Hurricanes zone.
0:49 of 1st period - Shot by Viktor Arvidsson.
0:49 of 1st period - Stopped by Frederik Andersen without a rebound.
0:50 of 1st period - Derek Ryan wins face-off versus Shane Doan in Hurricanes zone.
2:06 of 1st period - Shot by Alex Chiasson.
2:06 of 1st period - Stopped by Mike Smith with a rebound.
2:26 of 1st period - Shot by Zach Parise.
2:26 of 1st period - Stopped by Mike Smith without a rebound.
2:27 of 1st period - Antoine Vermette wins face-off versus Bryan Little in Flames zone.
2:27 of 1st period - Antoine Vermette is hit by Nick Foligno.
3:19 of 1st period - Shot by Zach Parise.
3:19 of 1st period - Shot Blocked by John Carlson.
3:21 of 1st period - Shot by Patrick Wiercioch.
3:21 of 1st period - Shot Misses the Net.
3:57 of 1st period - Brian Strait is hit by Kyle Palmieri and loses puck.
4:23 of 1st period - Off-side.
4:24 of 1st period - Brandon Sutter wins face-off versus Derek Ryan in neutral zone.
5:33 of 1st period - Shot by Michael Frolik.
5:33 of 1st period - Shot Blocked by Jared Spurgeon.
6:58 of 1st period - Shot by Brad Richardson.
6:58 of 1st period - Stopped by Mike Smith without a rebound.
6:59 of 1st period - Bryan Little wins face-off versus Jarome Iginla in Flames zone.
6:59 of 1st period - Bryan Little is hit by John Carlson.
7:02 of 1st period - Michael Frolik is hit by Justin Faulk and loses puck.
7:03 of 1st period - Minor Penalty to John Carlson for Roughing.
7:04 of 1st period - Antoine Vermette wins face-off versus Derek Ryan in Flames zone.
7:22 of 1st period - Icing by Nick Foligno.
7:23 of 1st period - Derek Ryan wins face-off versus Antoine Vermette in Hurricanes zone.
7:27 of 1st period - Off-side.
7:28 of 1st period - Derek Ryan wins face-off versus Antoine Vermette in neutral zone.
7:34 of 1st period - Off-side.
7:35 of 1st period - Antoine Vermette wins face-off versus Bryan Little in neutral zone.
7:57 of 1st period - Icing by Dustin Byfuglien.
7:58 of 1st period - Lee Stempniak wins face-off versus James van Riemsdyk in Hurricanes zone.
8:13 of 1st period - Shot by Lee Stempniak.
8:13 of 1st period - Stopped by Mike Smith without a rebound.
8:14 of 1st period - Antoine Vermette wins face-off versus Derek Ryan in Flames zone.
8:38 of 1st period - Off-side.
8:39 of 1st period - Bryan Little wins face-off versus Jaromir Jagr in neutral zone.
9:32 of 1st period - Shot by Brad Richardson.
9:32 of 1st period - Stopped by Mike Smith without a rebound.
9:33 of 1st period - Andrej Nestrasil wins face-off versus Bryan Little in Flames zone.
9:53 of 1st period - Shot by Jordan Martinook.
9:53 of 1st period - Stopped by Frederik Andersen without a rebound.
9:54 of 1st period - Leo Komarov wins face-off versus Brandon Sutter in Hurricanes zone.
9:59 of 1st period - Shot by Leo Komarov.
9:59 of 1st period - Goal by Leo Komarov - Hurricanes : 1 - Flames : 0.
10:00 of 1st period - Leo Komarov wins face-off versus Antoine Vermette in neutral zone.
10:02 of 1st period - Brett Pesce is hit by Justin Faulk and loses puck.
10:16 of 1st period - Off-side.
10:17 of 1st period - Bryan Little wins face-off versus Brandon Sutter in neutral zone.
10:24 of 1st period - Shot by Nick Foligno.
10:24 of 1st period - Shot Misses the Net.
10:26 of 1st period - Shot by Dustin Byfuglien.
10:26 of 1st period - Stopped by Mike Smith without a rebound.
10:27 of 1st period - Derek Ryan wins face-off versus Andrej Nestrasil in Flames zone.
10:30 of 1st period - Shot by Carl Hagelin.
10:30 of 1st period - Deflect By Brad Richardson.
10:30 of 1st period - Shot Misses the Net.
10:32 of 1st period - Shot by Dustin Byfuglien.
10:32 of 1st period - Shot Hit the Post.
11:49 of 1st period - Michael Frolik is hit by Jaromir Jagr and loses puck.
12:00 of 1st period - Shot by Jaromir Jagr.
12:00 of 1st period - Stopped by Frederik Andersen without a rebound.
12:01 of 1st period - Leo Komarov wins face-off versus Brandon Sutter in Hurricanes zone.
12:20 of 1st period - Shot by Viktor Arvidsson.
12:20 of 1st period - Shot Misses the Net.
12:22 of 1st period - Shot by Brady Skjei.
12:22 of 1st period - Shot Blocked by Brian Strait.
12:34 of 1st period - Shot by Viktor Arvidsson.
12:34 of 1st period - Stopped by Frederik Andersen without a rebound.
12:35 of 1st period - Antoine Vermette wins face-off versus Bryan Little in Hurricanes zone.
12:42 of 1st period - Shot by James van Riemsdyk.
12:42 of 1st period - Deflect By Jaromir Jagr.
12:42 of 1st period - Shot Misses the Net.
12:56 of 1st period - Shot by Bryan Little.
12:56 of 1st period - Shot Misses the Net.
13:16 of 1st period - Jaromir Jagr is hit by Dustin Byfuglien and loses puck.
13:37 of 1st period - Brad Richardson is hit by Kyle Palmieri and loses puck.
14:05 of 1st period - Icing by Brett Pesce.
14:06 of 1st period - Andrej Nestrasil wins face-off versus Derek Ryan in Hurricanes zone.
14:30 of 1st period - Shot by Shane Doan.
14:30 of 1st period - Deflect By Jordan Martinook.
14:30 of 1st period - Shot Misses the Net.
14:32 of 1st period - Shot by Cameron Gaunce.
14:32 of 1st period - Shot Misses the Net.
14:34 of 1st period - Shot by Shane Doan.
14:34 of 1st period - Shot Misses the Net.
15:16 of 1st period - Shot by Alexander Radulov.
15:16 of 1st period - Stopped by Frederik Andersen without a rebound.
15:17 of 1st period - Brandon Sutter wins face-off versus Bryan Little in Hurricanes zone.
15:36 of 1st period - Shot by Michael Frolik.
15:36 of 1st period - Goal by Michael Frolik - Hurricanes : 2 - Flames : 0.
15:37 of 1st period - Carl Hagelin wins face-off versus Antoine Vermette in neutral zone.
15:46 of 1st period - Shot by Carl Hagelin.
15:46 of 1st period - Shot Blocked by Antoine Vermette.
15:48 of 1st period - Shot by Derek Ryan.
15:48 of 1st period - Stopped by Mike Smith without a rebound.
15:49 of 1st period - Bryan Little wins face-off versus Brandon Sutter in Flames zone.
16:04 of 1st period - Shot by Michael Frolik.
16:04 of 1st period - Stopped by Mike Smith without a rebound.
16:05 of 1st period - Antoine Vermette wins face-off versus Derek Ryan in Flames zone.
16:26 of 1st period - Shot by Antoine Vermette.
16:26 of 1st period - Shot Misses the Net.
16:28 of 1st period - Shot by Alec Martinez.
16:28 of 1st period - Stopped by Frederik Andersen without a rebound.
16:29 of 1st period - Bryan Little wins face-off versus Brandon Sutter in Hurricanes zone.
16:43 of 1st period - Brandon Sutter is hit by Dustin Byfuglien and loses puck.
16:53 of 1st period - Icing by Dustin Byfuglien.
16:54 of 1st period - Antoine Vermette wins face-off versus Bryan Little in Hurricanes zone.
17:17 of 1st period - Shot by Bryan Little.
17:17 of 1st period - Shot Blocked by Jared Spurgeon.
17:19 of 1st period - Shot by Bryan Little.
17:19 of 1st period - Stopped by Mike Smith without a rebound.
17:20 of 1st period - Brandon Sutter wins face-off versus Leo Komarov in Flames zone.
17:20 of 1st period - Brandon Sutter is hit by Leo Komarov.
17:32 of 1st period - Shot by Zach Parise.
17:32 of 1st period - Stopped by Mike Smith without a rebound.
17:33 of 1st period - Andrej Nestrasil wins face-off versus Derek Ryan in Flames zone.
17:42 of 1st period - Shot by Jordan Martinook.
17:42 of 1st period - Shot Misses the Net.
17:51 of 1st period - Icing by Cameron Gaunce.
17:52 of 1st period - Leo Komarov wins face-off versus Andrej Nestrasil in Flames zone.
18:04 of 1st period - Shot by Lee Stempniak.
18:04 of 1st period - Stopped by Mike Smith with a rebound.
18:06 of 1st period - Shot by Leo Komarov.
18:06 of 1st period - Shot Misses the Net.
18:08 of 1st period - Shot by Zach Parise.
18:08 of 1st period - Stopped by Mike Smith with a rebound.
18:19 of 1st period - Icing by Brady Skjei.
18:20 of 1st period - Bryan Little wins face-off versus Andrej Nestrasil in Flames zone.
18:33 of 1st period - Icing by Brett Pesce.
18:34 of 1st period - Antoine Vermette wins face-off versus Bryan Little in Hurricanes zone.
18:38 of 1st period - Icing by Brett Pesce.
18:39 of 1st period - Bryan Little wins face-off versus Antoine Vermette in Hurricanes zone.
19:00 of 1st period - Shot by Jaromir Jagr.
19:00 of 1st period - Shot Blocked by Brian Dumoulin.
19:02 of 1st period - Shot by John Carlson.
19:02 of 1st period - Shot Blocked by Brett Pesce.
19:04 of 1st period - Shot by Justin Faulk.
19:04 of 1st period - Stopped by Frederik Andersen without a rebound.
19:05 of 1st period - Brandon Sutter wins face-off versus Leo Komarov in Hurricanes zone.
19:44 of 1st period - Shot by Zach Parise.
19:44 of 1st period - Stopped by Mike Smith without a rebound.
19:45 of 1st period - Antoine Vermette wins face-off versus Bryan Little in Flames zone.
19:45 of 1st period - Antoine Vermette is hit by Nick Foligno.
19:56 of 1st period - Off-side.
19:57 of 1st period - Andrej Nestrasil wins face-off versus Derek Ryan in neutral zone.
Goals for this period are 2 for Hurricanes vs 0 for Flames.
Shots for this period are 15 for Hurricanes vs 8 for Flames.

2nd period


0:01 of 2nd period - Antoine Vermette wins face-off versus Bryan Little in neutral zone.
0:34 of 2nd period - Shot by Antoine Vermette.
0:34 of 2nd period - Goal by Antoine Vermette - Hurricanes : 2 - Flames : 1.
0:35 of 2nd period - Leo Komarov wins face-off versus Viktor Arvidsson in neutral zone.
0:50 of 2nd period - Shot by Brandon Sutter.
0:50 of 2nd period - Shot Blocked by Patrick Wiercioch.
1:19 of 2nd period - Brandon Sutter is hit by Brad Richardson and loses puck.
1:41 of 2nd period - Icing by John Carlson.
1:42 of 2nd period - Bryan Little wins face-off versus Andrej Nestrasil in Flames zone.
3:31 of 2nd period - Shot by Kyle Palmieri.
3:31 of 2nd period - Stopped by Frederik Andersen with a rebound.
4:12 of 2nd period - Icing by Lee Stempniak.
4:13 of 2nd period - Andrej Nestrasil wins face-off versus Leo Komarov in Hurricanes zone.
4:38 of 2nd period - Shot by Andrej Nestrasil.
4:38 of 2nd period - Shot Blocked by Brian Strait.
5:04 of 2nd period - Shot by Derek Ryan.
5:04 of 2nd period - Shot Misses the Net.
5:20 of 2nd period - Tom Pyatt is hit by Shane Doan and loses puck.
6:04 of 2nd period - Shot by Brad Richardson.
6:04 of 2nd period - Stopped by Mike Smith without a rebound.
6:05 of 2nd period - Bryan Little wins face-off versus Antoine Vermette in Flames zone.
6:08 of 2nd period - Shot by Bryan Little.
6:08 of 2nd period - Shot Misses the Net.
6:24 of 2nd period - Shot by Bryan Little.
6:24 of 2nd period - Goal by Bryan Little - Hurricanes : 3 - Flames : 1.
6:25 of 2nd period - Brandon Sutter wins face-off versus Leo Komarov in neutral zone.
7:01 of 2nd period - Icing by Jared Spurgeon.
7:02 of 2nd period - Brandon Sutter wins face-off versus Bryan Little in Flames zone.
7:25 of 2nd period - Alec Martinez is hit by Nick Foligno.
7:52 of 2nd period - Shot by Antoine Vermette.
7:52 of 2nd period - Shot Misses the Net.
8:55 of 2nd period - Icing by Dustin Byfuglien.
8:56 of 2nd period - Lee Stempniak wins face-off versus Jarome Iginla in Hurricanes zone.
9:21 of 2nd period - Shot by Alec Martinez.
9:21 of 2nd period - Shot Misses the Net.
9:42 of 2nd period - Icing by Dustin Byfuglien.
9:43 of 2nd period - Brandon Sutter wins face-off versus Leo Komarov in Hurricanes zone.
9:53 of 2nd period - Dustin Byfuglien is hit by Justin Faulk and loses puck.
10:02 of 2nd period - Shot by Viktor Arvidsson.
10:02 of 2nd period - Deflect By Brandon Sutter.
10:02 of 2nd period - Shot Misses the Net.
10:04 of 2nd period - Shot by Viktor Arvidsson.
10:04 of 2nd period - Goal by Viktor Arvidsson - Hurricanes : 3 - Flames : 2.
10:05 of 2nd period - Nick Foligno wins face-off versus Andrej Nestrasil in neutral zone.
10:19 of 2nd period - Shot by Nick Foligno.
10:19 of 2nd period - Shot Blocked by Brady Skjei.
11:16 of 2nd period - Shot by Carl Hagelin.
11:16 of 2nd period - Goal by Carl Hagelin - Hurricanes : 4 - Flames : 2.
11:16 of 2nd period - Andrei Vasilevskiy enters game.
11:17 of 2nd period - Bryan Little wins face-off versus Viktor Arvidsson in neutral zone.
11:38 of 2nd period - Shot by Bryan Little.
11:38 of 2nd period - Shot Blocked by Alec Martinez.
11:40 of 2nd period - Shot by Alex Chiasson.
11:40 of 2nd period - Stopped by Andrei Vasilevskiy without a rebound.
11:41 of 2nd period - Antoine Vermette wins face-off versus Derek Ryan in Flames zone.
11:48 of 2nd period - Shot by Alexander Radulov.
11:48 of 2nd period - Shot Misses the Net.
11:50 of 2nd period - Shot by Alec Martinez.
11:50 of 2nd period - Shot Blocked by Brian Strait.
11:52 of 2nd period - Shot by Gabriel Bourque.
11:52 of 2nd period - Stopped by Frederik Andersen without a rebound.
11:53 of 2nd period - Brandon Sutter wins face-off versus Leo Komarov in Hurricanes zone.
11:54 of 2nd period - Shot by Viktor Arvidsson.
11:54 of 2nd period - Shot Misses the Net.
11:56 of 2nd period - Shot by John Carlson.
11:56 of 2nd period - Shot Misses the Net.
11:58 of 2nd period - Shot by John Carlson.
11:58 of 2nd period - Shot Misses the Net.
12:06 of 2nd period - Shot by Brandon Sutter.
12:06 of 2nd period - Stopped by Frederik Andersen without a rebound.
12:07 of 2nd period - Antoine Vermette wins face-off versus Derek Ryan in Hurricanes zone.
13:25 of 2nd period - Shot by Bryan Little.
13:25 of 2nd period - The goal is going for a video replay.
13:25 of 2nd period - The goal is refused.
13:26 of 2nd period - Leo Komarov wins face-off versus Andrej Nestrasil in Flames zone.
14:24 of 2nd period - Icing by Brandon Sutter.
14:25 of 2nd period - Derek Ryan wins face-off versus Brandon Sutter in Flames zone.
14:25 of 2nd period - Carl Hagelin is hit by John Carlson and loses puck.
14:26 of 2nd period - Carl Hagelin from Hurricanes is injured at 14:26 of 2nd period (Strained Right Elbow).
14:27 of 2nd period - Derek Ryan wins face-off versus Kyle Palmieri in Flames zone.
15:00 of 2nd period - Shot by Brandon Sutter.
15:00 of 2nd period - Stopped by Frederik Andersen without a rebound.
15:01 of 2nd period - Antoine Vermette wins face-off versus Nick Foligno in Hurricanes zone.
15:26 of 2nd period - Shot by Alec Martinez.
15:26 of 2nd period - Stopped by Frederik Andersen without a rebound.
15:27 of 2nd period - Zach Parise wins face-off versus Andrej Nestrasil in Hurricanes zone.
15:59 of 2nd period - Icing by Justin Faulk.
16:00 of 2nd period - Andrej Nestrasil wins face-off versus Bryan Little in Flames zone.
16:18 of 2nd period - Icing by Dustin Byfuglien.
16:19 of 2nd period - Antoine Vermette wins face-off versus Bryan Little in Hurricanes zone.
16:39 of 2nd period - Shot by Nick Foligno.
16:39 of 2nd period - Stopped by Andrei Vasilevskiy with a rebound.
16:45 of 2nd period - Shot by Michael Frolik.
16:45 of 2nd period - Stopped by Andrei Vasilevskiy without a rebound.
16:46 of 2nd period - Leo Komarov wins face-off versus Brandon Sutter in Flames zone.
17:52 of 2nd period - Shot by James van Riemsdyk.
17:52 of 2nd period - Shot Misses the Net.
17:58 of 2nd period - Jaromir Jagr is hit by Alex Chiasson and loses puck.
18:21 of 2nd period - John Carlson is hit by Michael Frolik and loses puck.
18:50 of 2nd period - Shot by Jared Spurgeon.
18:50 of 2nd period - Stopped by Frederik Andersen without a rebound.
18:51 of 2nd period - Leo Komarov wins face-off versus Andrej Nestrasil in Hurricanes zone.
18:53 of 2nd period - Icing by Lee Stempniak.
18:54 of 2nd period - Brandon Sutter wins face-off versus Leo Komarov in Hurricanes zone.
18:54 of 2nd period - Brandon Sutter is hit by Brett Pesce.
19:01 of 2nd period - Viktor Arvidsson is hit by Brett Pesce and loses puck.
19:22 of 2nd period - Shot by Zach Parise.
19:22 of 2nd period - Deflect By Lee Stempniak.
19:22 of 2nd period - Stopped by Andrei Vasilevskiy without a rebound.
19:23 of 2nd period - Derek Ryan wins face-off versus Andrej Nestrasil in Flames zone.
19:24 of 2nd period - Shot by Alex Chiasson.
19:24 of 2nd period - Shot Blocked by Jordan Martinook.
19:34 of 2nd period - Shot by Jordan Martinook.
19:34 of 2nd period - Shot Misses the Net.
19:36 of 2nd period - Shot by Jordan Martinook.
19:36 of 2nd period - Stopped by Frederik Andersen without a rebound.
19:37 of 2nd period - Antoine Vermette wins face-off versus Bryan Little in Hurricanes zone.
19:51 of 2nd period - Icing by Bryan Little.
19:52 of 2nd period - Bryan Little wins face-off versus Brandon Sutter in Hurricanes zone.
19:52 of 2nd period - Bryan Little is hit by Kyle Palmieri.
Goals for this period are 2 for Hurricanes vs 2 for Flames.
Shots for this period are 8 for Hurricanes vs 9 for Flames.

3rd period


0:01 of 3rd period - James van Riemsdyk wins face-off versus Bryan Little in neutral zone.
0:04 of 3rd period - Keith Yandle is hit by Jaromir Jagr and loses puck.
0:35 of 3rd period - Shot by Michael Frolik.
0:35 of 3rd period - Shot Misses the Net.
0:40 of 3rd period - Minor Penalty to Justin Faulk for Hooking.
0:41 of 3rd period - Antoine Vermette wins face-off versus Bryan Little in Flames zone.
0:47 of 3rd period - Icing by Brett Pesce.
0:48 of 3rd period - Antoine Vermette wins face-off versus Bryan Little in Hurricanes zone.
0:58 of 3rd period - Icing by Bryan Little.
0:59 of 3rd period - Bryan Little wins face-off versus Antoine Vermette in Hurricanes zone.
1:39 of 3rd period - Shot by Michael Frolik.
1:39 of 3rd period - Deflect By Nick Foligno.
1:39 of 3rd period - Shot Blocked by John Carlson.
1:41 of 3rd period - Shot by Dustin Byfuglien.
1:41 of 3rd period - Stopped by Andrei Vasilevskiy without a rebound.
1:42 of 3rd period - Derek Ryan wins face-off versus James van Riemsdyk in Flames zone.
1:51 of 3rd period - Shot by Keith Yandle.
1:51 of 3rd period - Shot Blocked by Jared Spurgeon.
2:13 of 3rd period - Shot by Dustin Byfuglien.
2:13 of 3rd period - Shot Misses the Net.
2:37 of 3rd period - Shot by Zach Parise.
2:37 of 3rd period - Shot Misses the Net.
2:39 of 3rd period - Shot by Brett Pesce.
2:39 of 3rd period - Shot Misses the Net.
2:43 of 3rd period - Shot by Leo Komarov.
2:43 of 3rd period - Shot Misses the Net.
2:45 of 3rd period - Shot by Lee Stempniak.
2:45 of 3rd period - Stopped by Andrei Vasilevskiy without a rebound.
2:46 of 3rd period - Leo Komarov wins face-off versus Andrej Nestrasil in Flames zone.
2:57 of 3rd period - Shot by Zach Parise.
2:57 of 3rd period - Shot Misses the Net.
3:26 of 3rd period - Icing by Cameron Gaunce.
3:27 of 3rd period - Andrej Nestrasil wins face-off versus Bryan Little in Flames zone.
3:46 of 3rd period - Shot by Bryan Little.
3:46 of 3rd period - Shot Misses the Net.
4:10 of 3rd period - Shot by Kyle Palmieri.
4:10 of 3rd period - Stopped by Frederik Andersen without a rebound.
4:11 of 3rd period - Antoine Vermette wins face-off versus Derek Ryan in Hurricanes zone.
4:22 of 3rd period - Shot by Nick Foligno.
4:22 of 3rd period - Shot Blocked by John Carlson.
4:24 of 3rd period - Shot by Brad Richardson.
4:24 of 3rd period - Shot Misses the Net.
4:26 of 3rd period - Shot by Keith Yandle.
4:26 of 3rd period - Shot Misses the Net.
4:50 of 3rd period - Shot by Nick Foligno.
4:50 of 3rd period - Shot Misses the Net.
5:46 of 3rd period - Shot by Brandon Sutter.
5:46 of 3rd period - Stopped by Frederik Andersen without a rebound.
5:47 of 3rd period - Andrej Nestrasil wins face-off versus Bryan Little in Hurricanes zone.
5:47 of 3rd period - Shane Doan is hit by Dustin Byfuglien and loses puck.
6:02 of 3rd period - Icing by Bryan Little.
6:03 of 3rd period - Bryan Little wins face-off versus Brandon Sutter in Hurricanes zone.
6:10 of 3rd period - Shot by Nick Foligno.
6:10 of 3rd period - Stopped by Andrei Vasilevskiy without a rebound.
6:11 of 3rd period - Brandon Sutter wins face-off versus Derek Ryan in Flames zone.
7:17 of 3rd period - Shot by Shane Doan.
7:17 of 3rd period - Shot Misses the Net.
7:19 of 3rd period - Shot by Cameron Gaunce.
7:19 of 3rd period - Shot Misses the Net.
8:15 of 3rd period - Icing by Patrick Wiercioch.
8:16 of 3rd period - Brandon Sutter wins face-off versus Derek Ryan in Hurricanes zone.
8:23 of 3rd period - Shot by Brandon Sutter.
8:23 of 3rd period - Deflect By Viktor Arvidsson.
8:23 of 3rd period - Stopped by Frederik Andersen without a rebound.
8:24 of 3rd period - Bryan Little wins face-off versus Brandon Sutter in Hurricanes zone.
9:16 of 3rd period - Minor Penalty to Justin Faulk for Delaying the game.
9:17 of 3rd period - Leo Komarov wins face-off versus Antoine Vermette in Flames zone.
9:19 of 3rd period - Lee Stempniak is hit by Cameron Gaunce and loses puck.
9:42 of 3rd period - Shot by Zach Parise.
9:42 of 3rd period - Stopped by Andrei Vasilevskiy with a rebound.
9:44 of 3rd period - Shot by Dustin Byfuglien.
9:44 of 3rd period - Shot Misses the Net.
9:46 of 3rd period - Shot by Zach Parise.
9:46 of 3rd period - Shot Misses the Net.
9:48 of 3rd period - Shot by Leo Komarov.
9:48 of 3rd period - Stopped by Andrei Vasilevskiy without a rebound.
9:49 of 3rd period - Antoine Vermette wins face-off versus Bryan Little in Flames zone.
9:49 of 3rd period - Antoine Vermette is hit by Lee Stempniak.
11:34 of 3rd period - Shot by Marcus Foligno.
11:34 of 3rd period - Shot Misses the Net.
11:36 of 3rd period - Shot by Bryan Little.
11:36 of 3rd period - Stopped by Andrei Vasilevskiy without a rebound.
11:37 of 3rd period - Brandon Sutter wins face-off versus Derek Ryan in Flames zone.
11:55 of 3rd period - Viktor Arvidsson is hit by Brian Dumoulin and loses puck.
12:01 of 3rd period - Off-side.
12:02 of 3rd period - Andrej Nestrasil wins face-off versus Leo Komarov in neutral zone.
12:02 of 3rd period - Andrej Nestrasil is hit by Leo Komarov.
12:22 of 3rd period - Shot by Shane Doan.
12:22 of 3rd period - Stopped by Frederik Andersen without a rebound.
12:23 of 3rd period - Antoine Vermette wins face-off versus Bryan Little in Hurricanes zone.
13:27 of 3rd period - John Carlson is hit by Brad Richardson and loses puck.
13:42 of 3rd period - Shot by John Carlson.
13:42 of 3rd period - Shot Misses the Net.
13:53 of 3rd period - Icing by Patrick Wiercioch.
13:54 of 3rd period - Andrej Nestrasil wins face-off versus Leo Komarov in Hurricanes zone.
14:26 of 3rd period - Jordan Martinook is hit by Bryan Little and loses puck.
14:39 of 3rd period - Shot by Nick Foligno.
14:39 of 3rd period - Shot Misses the Net.
14:41 of 3rd period - Shot by Nick Foligno.
14:41 of 3rd period - Shot Misses the Net.
15:06 of 3rd period - Shot by Brad Richardson.
15:06 of 3rd period - Deflect By Alex Chiasson.
15:06 of 3rd period - Shot Misses the Net.
15:18 of 3rd period - Shot by Derek Ryan.
15:18 of 3rd period - Shot Misses the Net.
15:36 of 3rd period - Shot by Lee Stempniak.
15:36 of 3rd period - Stopped by Andrei Vasilevskiy without a rebound.
15:37 of 3rd period - Antoine Vermette wins face-off versus Leo Komarov in Flames zone.
16:04 of 3rd period - Shot by James van Riemsdyk.
16:04 of 3rd period - Stopped by Frederik Andersen without a rebound.
16:05 of 3rd period - Bryan Little wins face-off versus Brandon Sutter in Hurricanes zone.
16:18 of 3rd period - Shot by Bryan Little.
16:18 of 3rd period - Shot Misses the Net.
16:22 of 3rd period - Shot by Bryan Little.
16:22 of 3rd period - Stopped by Andrei Vasilevskiy with a rebound.
16:26 of 3rd period - Shot by Bryan Little.
16:26 of 3rd period - Shot Misses the Net.
16:55 of 3rd period - Shot by Brad Richardson.
16:55 of 3rd period - Stopped by Andrei Vasilevskiy without a rebound.
16:56 of 3rd period - Leo Komarov wins face-off versus Antoine Vermette in Flames zone.
17:11 of 3rd period - Shot by Lee Stempniak.
17:11 of 3rd period - Stopped by Andrei Vasilevskiy without a rebound.
17:12 of 3rd period - Antoine Vermette wins face-off versus Derek Ryan in Flames zone.
18:14 of 3rd period - Shot by Brandon Sutter.
18:14 of 3rd period - Shot Blocked by Brian Dumoulin.
18:14 of 3rd period - Brian Dumoulin from Hurricanes is injured at 18:14 of 3rd period (Left Knee).
18:15 of 3rd period - Antoine Vermette wins face-off versus Bryan Little in Hurricanes zone.
18:20 of 3rd period - Shot by Jaromir Jagr.
18:20 of 3rd period - Shot Blocked by Dustin Byfuglien.
19:07 of 3rd period - Zach Parise is hit by Jared Spurgeon and loses puck.
19:22 of 3rd period - Shot by Leo Komarov.
19:22 of 3rd period - Shot Misses the Net.
Goals for this period are 0 for Hurricanes vs 0 for Flames.
Shots for this period are 10 for Hurricanes vs 5 for Flames.